 Dungeon Crawl Stone Soup version 0.31-a0-1002-g8e65716e6e (webtiles) character file.

Game seed: 6711802003447466837

258 BritishOli the Trooper (level 5, -6/43 HPs)
             Began as a Demonspawn Fighter on Nov 10, 2023.
             Was an Initiate of Makhleb.
             Mangled by Pikel
             ... wielding a +0 whip of flaming
              (7 damage)
             ... on level 4 of the Dungeon.
             The game lasted 00:01:50 (2360 turns).

BritishOli the Trooper (Demonspawn Fighter)         Turns: 2360, Time: 00:01:50

Health: -6/43      AC:  7    Str: 19    XL:     5   Next: 94%
Magic:  5/5        EV: 11    Int:  9    God:    Makhleb [......]
Gold:   153        SH:  4    Dex: 12    Spells: 4/4 levels left

rFire   + . .        a - +0 war axe
rCold   . . .        c - +0 buckler
rNeg    . . .        b - +0 scale mail
rPois   .            (no helmet)
rElec   .            (no cloak)
rCorr   .            (no gloves)
SInv    .            (no boots)
Will    .....        (no amulet) Stlth
                     h - ring of protection from fire
HPRegen 0.27/turn    (no ring)
MPRegen 0.09/turn

%: no passive effects
@: no status effects
A: repulsion field 1, foul stench 2, demonic touch 1
a: Renounce Religion


You were on level 4 of the Dungeon.
You worshipped Makhleb.
Makhleb was noncommittal.
You visited 1 branch of the dungeon, and saw 4 of its levels.

You collected 153 gold pieces.

Inventory:

Hand Weapons
 a - a +0 war axe (weapon)
Armour
 b - a +0 scale mail (worn)
 c - a +0 buckler (worn)
Jewellery
 h - a ring of protection from fire (left hand)
 l - a +4 ring of protection
Scrolls
 e - 2 scrolls of enchant weapon {unknown}
 g - 4 scrolls of identify {unknown}
 j - a scroll of poison {unknown}
 k - 2 scrolls of fear {unknown}
 o - a scroll of immolation
Potions
 d - a potion of might
 f - 3 potions of lignification {unknown}
 i - a potion of brilliance {unknown}
 m - a potion of attraction {unknown}
 n - 2 potions of ambrosia {unknown}


   Skills:
 + Level 4.5 Fighting
 + Level 3.4 Axes
 + Level 4.0 Armour
 - Level 3.0 Shields


You had 4 spell levels left.
You didn't know any spells.
Your spell library was empty.

Dungeon Overview and Level Annotations

Branches:
Dungeon (4/15)
 Temple: D:4-7

Altars:
Makhleb
Nemelex Xobeh

Annotations:
D:4 Pikel


Innate Abilities, Weirdness & Mutations

You are surrounded by a mild repulsion field. (EV +2)
You sometimes emit foul miasma when damaged in melee.
Your touch may inflict minor irresistible damage on your foes.


Message History

Pikel is moderately wounded.
You barely miss the lemure. Pikel barely misses you. The lemure hits you.
* * * LOW HITPOINT WARNING * * *
You slash Pikel!
Pikel is heavily wounded.
You barely miss the lemure. The lemure closely misses you.
You block Pikel's attack.
You barely miss Pikel.
Pikel is heavily wounded.
You hit the lemure but do no damage.
You hear the slow rusting of a very distant drain.
The lemure hits you.
* * * LOW HITPOINT WARNING * * *
Pikel barely misses you.
Pikel hits you with a +0 whip of flaming.
* * * LOW HITPOINT WARNING * * *
Pikel burns you.
* * * LOW HITPOINT WARNING * * *
The lemure barely misses you.
You hit Pikel.
Pikel is severely wounded.
You barely miss the lemure.
Pikel hits you with a +0 whip of flaming.
* * * LOW HITPOINT WARNING * * *
The lemure misses you.
You barely miss Pikel.
Pikel is severely wounded.
You hit the lemure.
You kill the lemure!
That felt strangely unrewarding.
Pikel misses you.
You hit Pikel but do no damage.
Pikel is severely wounded.
Pikel barely misses you.
Pikel hits you with a +0 whip of flaming.
* * * LOW HITPOINT WARNING * * *
You hit Pikel.
Pikel is severely wounded.
Pikel hits you with a +0 whip of flaming!
You die...
Pikel says, "Another soul for the market."

##..###..###
##..##....#
#..##.....#
.##.#....)....#
.>............+
<..##.........# ..
##..#.....# .
....###....#######...
#...##
#......@K5S.... .....
#........#5....!
#.........#####.#
....# ##...##.... ..#
...# .. ##.## ... ..#
#. >.##. .. #. #. ..
. .. ..


You could see Pikel, 2 lemures and a ball python.

Vanquished Creatures
  The ghost of haldagan the Shooter, an amateur FoHu (D:3)
  2 lemures (D:4)
  2 hounds
  An iguana (D:3)
  2 adders (D:2)
  3 worms (D:3)
  2 dart slugs (D:1)
  An orc (D:4)
  2 bats (D:1)
  3 endoplasms
  A giant cockroach (D:4)
  8 hobgoblins
  4 jackals (D:1)
  9 kobolds
  3 quokkas
  6 ball pythons
  3 frilled lizards
  7 goblins
  5 rats
65 creatures vanquished.

Notes
Turn   | Place    | Note
-------+----------+-------------------------------------------
     0 | D:1      | BritishOli the Demonspawn Fighter began the quest for the
                  | Orb.
     0 | D:1      | Reached XP level 1. HP: 18/18 MP: 1/1
   155 | D:1      | Gained mutation: You may rarely emit foul miasma when
                  | damaged in melee. [demonic ancestry]
   155 | D:1      | Reached XP level 2. HP: 20/24 MP: 2/2
   479 | D:1      | Found a faded altar of an unknown god.
   505 | D:1      | Gained mutation: You are surrounded by a mild repulsion
                  | field. (EV +2) [demonic ancestry]
   505 | D:1      | Reached XP level 3. HP: 29/29 MP: 3/3
   909 | D:2      | Gained mutation: Your touch may inflict minor irresistible
                  | damage on your foes. [demonic ancestry]
   909 | D:2      | Reached XP level 4. HP: 36/36 MP: 4/4
  1763 | D:3      | Found a sparkling altar of Nemelex Xobeh.
  1775 | D:3      | Gained mutation: You sometimes emit foul miasma when
                  | damaged in melee. [demonic ancestry]
  1775 | D:3      | Reached XP level 5. HP: 26/42 MP: 5/5
  1843 | D:3      | Found a burning altar of Makhleb.
  1856 | D:3      | Became a worshipper of Makhleb the Destroyer
  2034 | D:3      | Found a runed translucent door.
  2034 | D:3      | Noticed haldagan's ghost (amateur FoHu)
  2213 | D:3      | Killed haldagan's ghost
  2340 | D:4      | Noticed a lemure
  2341 | D:4      | Noticed Pikel
  2341 | D:4      | Noticed a lemure
  2341 | D:4      | Noticed a lemure
  2342 | D:4      | Noticed a lemure
  2348 | D:4      | Killed a lemure
  2357 | D:4      | HP: 1/43 [Pikel/+0 whip of flaming (2)]
  2358 | D:4      | Killed a lemure
  2360 | D:4      | Mangled by Pikel

Illustrated notes

Levels and vault maps discovered:
D:1:      heliophobic_arrival_dark_side_of_the_moon, layout_loops_cross,
          nicolae_ecumenical_snake_handling
D:2:      layout_basic
D:3:      layout_basic, grunt_temple_overflow_open, ebering_ghost_inner_flame,
          minmay_misc_feat_rows, st_stairs_7
D:4:      layout_cave_pools, serial_shops, kennysheep_little_box,
          cheibrodos_sewer_entry_drain, guppyfry_early_orc_mine, uniq_pikel

Skill      XL: |  1  2  3  4  5 |
---------------+----------------+-----
Axes           | 2 3 |  3.4
Armour         | 3 4 |  4.0
Shields        | 3 |  3.0
Fighting       | 4 |  4.5

Action                     |  1- 3 |  4- 6 || total
---------------------------+-------+-------++-------
  Melee: War axe           |   102 |   108 ||   210
 Armour: Scale mail        |    93 |    67 ||   160
  Dodge: Dodged            |    51 |    47 ||    98
  Block: Buckler           |    22 |    29 ||    51

Table legend: (Time is in decaauts)
 A = Elapsed time spent in this place.
 B = Non-inter-level travel time spent in this place.
 C = Inter-level travel time spent in this place.
 D = Time resting spent in this place.
 E = Time spent auto-exploring this place.
 F = Levels seen in this place.
 G = Mean time per level.
                   A        B        C        D        E       F      G
               +--------+--------+--------+--------+--------+-----+--------+
         Total |   2446 |   2378 |     68 |      0 |   1885 |   4 |  611.5 |
       Dungeon |   2446 |   2378 |     68 |      0 |   1885 |   4 |  611.5 |
               +--------+--------+--------+--------+--------+-----+--------+

Top non-repeatable levels by time:
     D:1: 879 daAuts
     D:3: 758 daAuts
     D:2: 753 daAuts
     D:4: 54 daAuts
